 Dungeon Crawl Stone Soup version 0.16.0-6-gad6103a (console) character file.

33 gw the Gusty (level 3, -4/18 HPs)
             Began as a High Elf Air Elementalist on Mar 15, 2015.
             Killed from afar by Sigmund (5 damage)
             ... with a wand of frost
             ... on level 2 of the Dungeon.
             The game lasted 00:01:10 (1632 turns).

gw the Gusty (High Elf Air Elementalist)            Turns: 1632, Time: 00:01:10

Health: -4/18      AC:  2    Str:  7    XL:     3   Next: 12%
Magic:  7/10       EV: 13    Int: 20    God:
Gold:   10         SH:  0    Dex: 15    Spells: 4 memorised, 0 levels left

rFire  . . .     SeeInvis .     a - +0 short sword
rCold  . . .     Clarity  .     e - +0 robe
rNeg   . . .     SustAb   .     (no shield)
rPois  .         Gourm    .     (no helmet)
rElec  .         Spirit   .     (no cloak)
rCorr  .         Warding  .     (no gloves)
rMut   .         Stasis   .     (no boots)
MR     .....                    (no amulet)
Stlth  ++........               (no ring)
                                (no ring)

@: repel missiles, not resistant to hostile enchantments, unstealthy
A: hooves 1, frail 1, spit poison 1
a: Spit Poison


You were on level 2 of the Dungeon.
You were not hungry.

You visited 1 branch of the dungeon, and saw 2 of its levels.

You collected 10 gold pieces.

Inventory:

Hand weapons
 a - a +0 short sword (weapon)
Missiles
 f - 19 arrows
Armour
 e - a +0 robe (worn)
Scrolls
 c - a scroll of teleportation
Books
 b - a book of Air

   Spells                             Type                      Level
   a - Shock                          Conjuration/Air              1
   b - Swiftness                      Charms/Air                   2
   c - Repel Missiles                 Charms/Air                   2
   d - Flight                         Charms/Air                   3
   e - Static Discharge               Conjuration/Air              3
   f - Lightning Bolt                 Conjuration/Air              5


   Skills:
 + Level 0.0 Fighting
 + Level 2.6 Dodging
 - Level 2.1 Stealth
 * Level 3.3 Spellcasting
 - Level 1.1 Conjurations
 + Level 4.1 Air Magic


You couldn't memorise any spells.
You knew the following spells:

 Your Spells              Type           Power        Failure   Level  Hunger
a - Shock                 Conj/Air       ##..         6%          1    None
b - Swiftness             Chrm/Air       ##......     12%         2    ##.....
c - Repel Missiles        Chrm/Air       ##....       12%         2    ##.....
d - Flight                Chrm/Air       ##........   21%         3    ###....


Dungeon Overview and Level Annotations

Branches:
Dungeon (2/15)

Altars:

Annotations:
D:2 Sigmund


Innate Abilities, Weirdness & Mutations

You have large cloven feet.
You are frail (-10% HP).
You can spit poison.


Message History

Unknown command.
ATTACKING (-1,0)
You swing at nothing.
You hear a zap.
The puff of frost misses you.
Unknown command.
Unknown command.
Unknown command.
Unknown command.
ATTACKING (-1,0)
You swing at nothing.
Unknown command.
Unknown command.
Unknown command.
Unknown command.
ATTACKING (1,0)
You swing at nothing.
You hear a zap.
The puff of frost hits you!
You die...

######## ........
########
########################.
................e......%.
#########################


There were no monsters in sight!

Table legend:
 A = Turns spent in this place as a percentage of turns spent in the entire game.
 B = Non-inter-level travel turns spent in this place as a percentage of non-inter-level travel turns spent in the entire game.
 C = Inter-level travel turns spent in this place as a percentage of turns spent in this place.
 D = Turns resting spent in this place as a percentage of non-inter-level travel turns spent in this place.
 E = Turns spent auto-exploring this place as a percentage of non-inter-level travel turns spent in this place.
 F = Non-inter-level travel turns spent in this place divided by the number of levels of this place that you've seen.
                   A       B       C       D       E      F
               +-------+-------+-------+-------+-------+----------------------
         Total | 100.0 | 100.0 |   0.1 |   4.1 |   2.8 | 783.5
       Dungeon | 100.0 | 100.0 |   0.1 |   4.1 |   2.8 | 783.5
               +-------+-------+-------+-------+-------+----------------------

Table legend:
 A = Kills in this place as a percentage of kills in entire the game.
 B = Kills by you in this place as a percentage of kills by you in the entire game.
 C = Kills by friends in this place as a percentage of kills by friends in the entire game.
 D = Other kills in this place as a percentage of other kills in the entire game.
 E = Experience gained in this place as a percentage of experience gained in the entire game.
 F = Experience gained in this place divided by the number of levels of this place that you have seen.
                   A       B       C       D       E      F
               +-------+-------+-------+-------+-------+----------------------
         Total | 100.0 | 100.0 |  -nan |  -nan | 100.0 |  24.0
       Dungeon | 100.0 | 100.0 |  -nan |  -nan | 100.0 |  24.0
               +-------+-------+-------+-------+-------+----------------------

Vanquished Creatures
  A giant gecko (D:2)
  5 bats (D:1)
  5 goblins
  4 hobgoblins
  An ooze (D:1)
  2 giant cockroaches (D:1)
  2 giant newts (D:1)
  4 jackals
  2 kobolds (D:1)
  6 rats (D:1)
32 creatures vanquished.

Notes
Turn   | Place    | Note
--------------------------------------------------------------
     0 | D:1      | gw, the High Elf Air Elementalist, began the quest for the Orb.
     0 | D:1      | Reached XP level 1. HP: 11/11 MP: 4/4
   191 | D:1      | Reached XP level 2. HP: 17/17 MP: 1/6
   241 | D:1      | Learned a level 2 spell: Swiftness
   244 | D:1      | Learned a level 2 spell: Repel Missiles
  1123 | D:1      | Gained mutation: You have large cloven feet. [potion of mutation]
  1123 | D:1      | Gained mutation: You are frail (-10% HP). [potion of mutation]
  1123 | D:1      | Gained mutation: You can spit poison. [potion of mutation]
  1321 | D:2      | Reached skill level 4 in Air Magic
  1321 | D:2      | Reached XP level 3. HP: 4/18 MP: 0/10
  1550 | D:2      | Learned a level 3 spell: Flight
  1621 | D:2      | Noticed Sigmund
  1632 | D:2      | Killed from afar by Sigmund

Action                   || total
-------------------------++-------
Melee: Short sword       ||     9
 Cast: Shock             ||    71
       Repel Missiles    ||     1
  Use: Scroll            ||     1
       Potion            ||     1
  Eat: Bread ration      ||     1

Vault maps used:
D:1:      minmay_arrival_wavy_path, st_stairs_12
D:2:      overflow_temple_1_default, first_bread, uniq_sigmund, uniq_jessica
